 Dungeon Crawl Stone Soup version 0.23.2-40-g277498a001 (webtiles) character file.

Game seed: 8702859795354320135

53 Otamono the Shield-Bearer (level 4, -7/35 HPs)
             Began as a Human Fighter on Oct 7, 2019.
             Killed by divine providence
             ... invoked by an orc priest
              (17 damage)
             ... on level 2 of the Dungeon.
             The game lasted 00:15:58 (2069 turns).

Otamono the Shield-Bearer (Human Fighter)           Turns: 2069, Time: 00:15:58

Health: -7/35      AC:  9    Str: 17    XL:     4   Next: 11%
Magic:  4/4        EV:  5    Int:  9    God:
Gold:   106        SH:  9    Dex: 12    Spells: 3/3 levels left

rFire    + . .     SeeInvis .   a - +0 long sword
rCold    x . .     Gourm    .   c - +0 shield
rNeg     . . .     Faith    .   i - +0 chain mail
rPois    .         Spirit   .   (no helmet)
rElec    .         Reflect  .   (no cloak)
rCorr    .         Harm     .   (no gloves)
MR       .....                  (no boots)
Stlth    ..........             (no amulet)
HPRegen  0.11/turn              m - ring of fire
MPRegen  0.09/turn              (no ring)

@: no status effects
A: no striking features
a: no special abilities


You were on level 2 of the Dungeon.
You were near starving.

You visited 1 branch of the dungeon, and saw 3 of its levels.

You collected 106 gold pieces.

Inventory:

Hand Weapons
 a - a +0 long sword (weapon)
 j - a +0 dagger
 s - a +0 flail
 t - a +0 whip
Missiles
 n - 30 stones (quivered)
Armour
 b - a +0 scale mail
 c - a +0 shield (worn)
 g - a +0 chain mail
 i - a +0 chain mail (worn)
Jewellery
 m - a ring of fire (left hand)
Scrolls
 e - 2 scrolls of teleportation {unknown}
 k - a scroll of enchant weapon {unknown}
 l - a scroll of blinking {unknown}
 o - a scroll of fog {unknown}
 p - 3 scrolls of enchant armour {unknown}
 q - a scroll of remove curse
 r - 2 scrolls of identify {unknown}
Potions
 d - a potion of might
 h - a potion of curing
 u - a potion of flight {unknown}
Comestibles
 f - 2 rations


   Skills:
 + Level 3.1 Fighting
 + Level 2.4 Long Blades
 + Level 0.2 Maces & Flails
 + Level 3.4 Armour
 + Level 0.7 Dodging
 + Level 3.7 Shields


You had 3 spell levels left.
You didn't know any spells.
Your spell library was empty.

Dungeon Overview and Level Annotations

Branches:
Dungeon (3/15)

Altars:


Message History

Things that are here:
a +0 hand axe; an orc corpse You hit the orc priest but do no damage.
The orc priest is heavily wounded.
The orc priest hits you but does no damage. x2
You hit the orc priest.
The orc priest is severely wounded.
You block the orc priest's attack.
Your shield and chain mail prevent you from hitting the orc priest.
The orc priest is severely wounded.
The orc priest hits you but does no damage.
You hit the orc priest but do no damage.
The orc priest is severely wounded.
You block the orc priest's attack.
You hit the orc priest.
The orc priest is severely wounded.
You block the orc priest's attack.
The orc priest mumbles some strange prayers to Beogh against you.
Beogh smites you!
You die...

######..##..<#######........#
.............### ###.#......#
####...........###..........#
......######................#
.....## ##.####..........#
...### #.#...........<.#
#############...##..........#
#####.........####..........#
#.....#####.....@.####......#
..##### #....o.[# ########
.## #.......# ## #.......# #
#.......# # #########


You could see an orc priest.

Vanquished Creatures
  2 adders (D:2)
  A leopard gecko (D:3)
  2 orcs (D:2)
  2 bats (D:1)
  4 giant cockroaches
  6 goblins
  3 hobgoblins
  4 frilled lizards
  6 kobolds
  A rat (D:1)
31 creatures vanquished.

Notes
Turn   | Place    | Note
-------+----------+-------------------------------------------
     0 | D:1      | Otamono the Human Fighter began the quest for the Orb.
     0 | D:1      | Reached XP level 1. HP: 18/18 MP: 1/1
   163 | D:1      | Reached XP level 2. HP: 24/24 MP: 2/2
  1037 | D:2      | Reached XP level 3. HP: 25/29 MP: 3/3
  1421 | D:2      | HP: 1/29 [poisoned by an adder]
  2042 | D:2      | Reached XP level 4. HP: 35/35 MP: 4/4
  2069 | D:2      | Killed from afar by an orc priest

Action                   |  1- 3 |  4- 6 || total
-------------------------+-------+-------++-------
Melee: Club              |    24 |       ||    24
       Long sword        |   111 |    22 ||   133
  Use: Scroll            |     1 |       ||     1
       Potion            |     3 |       ||     3
  Eat: Chunk             |     2 |       ||     2
Armor: Scale mail        |    16 |       ||    16
       Chain mail        |    55 |     9 ||    64
Dodge: Dodged            |    33 |     4 ||    37
Block: Shield            |    78 |    13 ||    91
       Rpst.: Long sword |     9 |       ||     9
